 Seeded DCSS version 0.29-a0-393-g47a863cc1b (webtiles) character file.

Game seed: 14875320075521095149 (custom seed)

340 zeratav the Digger (level 6, 0/36 HPs)
             Began as an Octopode Earth Elementalist on May 9, 2022.
             Slain by a gnoll
             ... wielding a +0 spear
              (7 damage)
             ... on level 5 of the Dungeon.
             The game lasted 00:04:42 (4290 turns).

zeratav the Digger (Octopode Earth Elementalist)    Turns: 4290, Time: 00:04:43

Health: 0/36       AC:  1    Str:  8    XL:     6   Next: 56%
Magic:  8/11       EV: 13    Int: 21    God:
Gold:   220        SH:  0    Dex: 12    Spells: 8/12 levels left

rFire   . . .      SeeInvis .   w - +4 whip (elec) {mace}
rCold   . . .      Faith    .   (no shield)
rNeg    . . .      Spirit   .   (helmet restricted)
rPois   +          Reflect  .   (no amulet)
rElec   .          Harm     .   (no ring)
rCorr   .          Rampage  .   (no ring)
Will    .....                   (no ring)
Stlth   +++.......              (no ring)
HPRegen 0.12/turn               (no ring)
MPRegen 0.12/turn               (no ring)
                                (no ring)
                                (no ring)

@: no status effects
A: almost no armour, amphibious, 8 rings, camouflage 1, gelatinous body 1,
(nimble swimmer 1), tentacles, clever 1, poison resistance, wild magic 1
a: no special abilities


You were on level 5 of the Dungeon.
You visited 1 branch of the dungeon, and saw 5 of its levels.

You collected 220 gold pieces.


Innate Abilities, Weirdness & Mutations

You cannot wear most types of armour.
You are amphibious.
You can wear up to eight rings at the same time.
Your skin changes colour to match your surroundings (Stealth+).
Your rubbery body absorbs attacks. (AC +1, EV +1)
((You are camouflaged when in or above water. (Stealth+)))
You have tentacles for arms and can constrict up to eight enemies at once.
Your mind is acute. (Int +2)
Your system is resistant to poisons. (rPois)
Your spells are a little harder to cast, but a little more powerful.


   Skills:
 - Level 2.0 Dodging
 - Level 2.6 Stealth
 + Level 3.8 Spellcasting
 - Level 1.0 Transmutations
 * Level 6.1 Earth Magic


You had 8 spell levels left.
You knew the following spells:

 Your Spells              Type           Power      Damage    Failure   Level
a - Sandblast             Erth           76%        2d16      2%          1
b - Stone Arrow           Conj/Erth      42%        3d9       16%         3

Your spell library contained the following spells:

 Spells                   Type           Power      Damage    Failure   Level
 Passwall                 Tmut/Erth      20%        N/A       7%          2
 Foxfire                  Conj/Fire      20%        2x1d5     17%         1
 Shock                    Conj/Air       20%        1d4       17%         1
 Corpse Rot               Necr/Air       10%        N/A       26%         2
 Poisonous Vapours        Pois/Air       10%        N/A       26%         2
 Petrify                  Tmut/Erth      24%        N/A       36%         4
 Conjure Flame            Conj/Fire      5%         6-21      45%         3
 Inner Flame              Hex/Fire       5%         N/A       45%         3
 Swiftness                Air            5%         N/A       45%         3
 Airstrike                Air            2%         N/A       83%         4
 Flame Wave               Conj/Fire      5%         2d5       83%         4

Inventory:

Hand Weapons
 f - a +4 dagger of venom {short}
   (You took it off a kobold on level 1 of the Dungeon)
 w - a +4 whip of electrocution (weapon) {mace}
   (You took it off an orc on level 5 of the Dungeon)
Missiles
 a - 43 stones {throwing}
Armour
 n - a +2 kite shield of protection
   (You found it on level 2 of the Dungeon)
Wands
 t - a wand of polymorph (8)
   (You found it on level 4 of the Dungeon)
 y - a wand of paralysis (10)
   (You found it on level 5 of the Dungeon)
Scrolls
 d - 2 scrolls of poison {unknown}
 e - 3 scrolls of identify {unknown}
 h - a scroll of enchant armour {unknown}
 m - 2 scrolls of teleportation {unknown}
 o - 2 scrolls of fog {unknown}
 p - a scroll of immolation {unknown}
 r - a scroll of vulnerability {unknown}
 s - a scroll of fear {unknown}
 v - 3 scrolls of blinking {unknown}
 z - 2 scrolls of enchant weapon {unknown}
Potions
 b - a potion of magic
 c - 3 potions of haste {unknown}
 g - a potion of invisibility {unknown}
 i - 3 potions of heal wounds {unknown}
 j - a potion of flight {unknown}
 k - 2 potions of mutation {!q}
 l - 2 potions of attraction {unknown}
 q - 2 potions of curing {unknown}
 u - a potion of ambrosia {unknown}
 x - a potion of brilliance {unknown}

Dungeon Overview and Level Annotations

Branches:
Dungeon (5/15)
 Temple: D:4-7

Altars:
Dithmenos

Shops:
D:4

( ...♣ ...♣
.#.#♣♣ .....♣
♣###.## .#.#.♣
♣♣.. .. ...#.#
♣... .# #
...#.#
#.####..##.#..#
.###.#
#.......#..#..#
.###.#
#g@#.##..#
.....########
#.)...?..#
....###.....#
##.......#
....###.....#
##...####
...........>#
##.....##
##..###.....#
#.......# ##..#
#.[...#
##.....## ....#
####### ##...##
##### #..##


You could see a gnoll.


Message History

You see here a staff of cold {staff}.
x - an emerald potion A scorpion comes into view.
A scorpion is nearby!
You hit the scorpion. Lightning courses through the scorpion!
You grab the scorpion.
You constrict the scorpion, but do no damage.
The scorpion stings you. The scorpion barely misses you.
HP[-1]
You take 1 damage, and now have 35/36 hp.
You completely miss the scorpion.
You constrict the scorpion, but do no damage.
The scorpion closely misses you.
You hit the scorpion but do no damage.
You tentacle-slap the scorpion, but do no damage.
You constrict the scorpion, but do no damage.
The scorpion stings you.
You are poisoned.
The scorpion poisons you!
You hit the scorpion.
You constrict the scorpion, but do no damage.
You feel very sick. The scorpion barely misses you. x2
HP[-4]
You take 4 damage, and now have 31/36 hp.
You whack the scorpion! Lightning courses through the scorpion!
You kill the scorpion!
You feel sick.
Your Earth Magic skill increases to level 6!
HP[-2]
You take 2 damage, and now have 29/36 hp.
No target in view!
No target in view!
No target in view!
No target in view!
No target in view!
No target in view!
No target in view!
No target in view!
No target in view!
No target in view!
No target in view!
You feel sick.
You feel sick.
You feel sick.
You feel sick.
You feel sick.
You feel sick.
You feel sick.
You are no longer poisoned.
You see here a scorpion corpse.
Found an escape hatch in the floor.
HP[+7]
Your hp is fully restored (36).
Found a stone staircase leading down.
y - a wand of paralysis (10)
z - 2 scrolls labelled VIFI YMOCE
There is a stone staircase leading down here.
A gnoll comes into view. It is wielding a +0 flail.
A gnoll is nearby!
A gnoll comes into view. It is wielding a +0 club.
A gnoll comes into view. It is wielding a +0 spear.
The gnoll shouts!
You hit the gnoll. You grab the gnoll. You constrict the gnoll.
The gnoll closely misses you.
You completely miss the gnoll. You constrict the gnoll.
The gnoll completely misses you. The gnoll hits you with a +0 flail!
HP[-7]
You take 7 damage, and now have 29/36 hp.
You hit the gnoll. You grab the gnoll. You constrict the gnoll. x2
The gnoll hits you with a +0 club.
The gnoll hits you from afar with a +0 spear!
The gnoll closely misses you.
HP[-10]
You take 10 damage, and now have 19/36 hp.
MASSIVE DAMAGE!! (PAUSE)
You whack the gnoll!
You kill the gnoll!
You constrict the gnoll.
You kill the gnoll!
The gnoll hits you from afar with a +0 spear.
* * * LOW HITPOINT WARNING * * *
HP[-6]
You take 6 damage, and now have 13/36 hp.
Casting: Stone Arrow (quite dangerous; 16% risk of failure)
Confirm with . or Enter, or press ? or * to list all spells.
The spell is quite dangerous to miscast (16% risk of failure)!
Continue anyway? [Y]es or [N]o only, please.
The spell is quite dangerous to miscast (16% risk of failure)!
Continue anyway?
Aiming: Stone Arrow (quite dangerous; 16% risk of failure)
Press: ? - help, Shift-Dir - straight line, f - gnoll
Aim: a gnoll, wielding a +0 spear (75% to hit)
The stone arrow hits the gnoll.
The gnoll hits you from afar with a +0 spear.
* * * LOW HITPOINT WARNING * * *
HP[-6] MP[-3]
You take 6 damage, and now have 7/36 hp.
You lost 3 mp, and now have 8/11 mp.
The gnoll hits you with a +0 spear!
You die...

Skill      XL: |  1  2  3  4  5  6 |
---------------+-------------------+-----
Earth Magic    | 4 5 6 |  6.1
Spellcasting   | 3 |  3.8
Dodging        | |  2.0
Stealth        | |  2.6
Transmutations | |  1.0

Action                   |  1- 3 |  4- 6 || total
-------------------------+-------+-------++-------
Melee: Unarmed           |     4 |       ||     4
       Dagger            |    30 |    70 ||   100
       Constrict         |     7 |    20 ||    27
       Punch             |     1 |     1 ||     2
       Tentacles         |     2 |    19 ||    21
       Whip              |       |     9 ||     9
 Cast: Sandblast         |     8 |    12 ||    20
       Stone Arrow       |       |     2 ||     2
  Use: Potion            |     1 |       ||     1
 Stab: Sleeping          |     6 |    12 ||    18
       Distracted        |     1 |       ||     1
Armor: Skin              |     1 |     1 ||     2
Dodge: Dodged            |    11 |    50 ||    61

Levels and vault maps discovered:
D:1:      mushboom_english_gardens, layout_rooms, shapermc_ecumenical_altar_gd
D:2:      layout_loops_cross, nicolae_elevator_lobby_plus, uniq_natasha
D:3:      layout_basic, mainiacjoe_overflow_concentric_impassable
D:4:      layout_loops_ring, serial_shops, nicolae_shop_stone
D:5:      layout_loops_cross, mainiacjoe_overflow_catch_the_wave,
          wad_woods_river_04

Notes
Turn   | Place    | Note
-------+----------+-------------------------------------------
     0 | D:1      | zeratav the Octopode Earth Elementalist began the quest for
                  | the Orb.
     0 | D:1      | Reached XP level 1. HP: 11/11 MP: 3/3
     0 | D:1      | magus.rc [v1.9.6]
    56 | D:1      | Gained mutation: Your spells are a little harder to cast,
                  | but a little more powerful. [potion of mutation]
    56 | D:1      | Gained mutation: Your mind is acute. (Int +2) [potion of
                  | mutation]
    56 | D:1      | Gained mutation: Your system is resistant to poisons.
                  | (rPois) [potion of mutation]
   142 | D:1      | Reached XP level 2. HP: 15/17 MP: 5/5
   410 | D:1      | You pick up a book of Vapours and begin reading...
   410 | D:1      | You add the spells Poisonous Vapours and Corpse Rot to your
                  | library.
   411 | D:1      | Found a faded altar of an unknown god.
   430 | D:1      | Reached XP level 3. HP: 15/21 MP: 4/6
   855 | D:2      | Noticed Natasha
   860 | D:2      | Killed Natasha
   861 | D:2      | Reached skill level 4 in Earth Magic
   861 | D:2      | Reached XP level 4. HP: 22/27 MP: 6/8
  1922 | D:3      | Learned a level 3 spell: Stone Arrow
  2040 | D:3      | Reached skill level 3 in Spellcasting
  2040 | D:3      | Reached XP level 5. HP: 16/31 MP: 5/9
  2289 | D:3      | Found a shadowy altar of Dithmenos.
  2669 | D:2      | Noticed Natasha
  2675 | D:2      | Killed Natasha
  2676 | D:2      | Reached skill level 5 in Earth Magic
  2874 | D:2      | Noticed Natasha
  2887 | D:2      | Killed Natasha
  3017 | D:4      | Found Hinaabuo's Antique Weapon Shoppe.
  3324 | D:4      | You pick up a book of Air and begin reading...
  3324 | D:4      | You add the spells Shock, Swiftness and Airstrike to your
                  | library.
  3381 | D:4      | Reached XP level 6. HP: 36/36 MP: 11/11
  3520 | D:4      | You pick up a book of Flames and begin reading...
  3520 | D:4      | You add the spells Foxfire, Conjure Flame, Inner Flame and
                  | Flame Wave to your library.
  3859 | D:5      | Entered Level 5 of the Dungeon
  3966 | D:5      | You pick up a book of Air and begin reading...
  4082 | D:5      | Reached skill level 6 in Earth Magic
  4289 | D:5      | HP: 7/36 [gnoll/+0 spear (6)]
  4290 | D:5      | Slain by a gnoll

Vanquished Creatures
  A scorpion (D:5)
  2 hounds
  An iguana (D:4)
  Natasha (thrice) (D:2)
  2 gnolls (D:5)
  An adder (D:4)
  An ufetubus (D:4)
  2 worms (D:2)
  2 dart slugs
  5 orcs
  10 endoplasms
  5 giant cockroaches
  2 hobgoblins (D:2)
  10 jackals
  2 kobolds
  4 quokkas
  5 ball pythons
  4 bats
  3 frilled lizards
  5 goblins
  4 rats
74 creatures vanquished.

Vanquished Creatures (others)
  4 demonic plants (D:1)
  2 withered plants (D:1)
6 creatures vanquished.

Grand Total: 80 creatures vanquished

Table legend:
 A = Non-vault XP
 B = Vault XP
 C = Vault XP percentage of total XP
 D = Non-vault monster count
 E = Vault monster count
 F = Vault count percentage of total count
                 A         B        C        D         E       F
            +---------+---------+-------+---------+---------+-------
      Total |     450 |      36 |   7.4 |      73 |       1 |   1.4
            +---------+---------+-------+---------+---------+-------
        D:1 |      43 |       0 |   0.0 |      24 |       0 |   0.0
        D:2 |     108 |      36 |  25.0 |      18 |       1 |   5.3
        D:3 |      61 |       0 |   0.0 |      12 |       0 |   0.0
        D:4 |     119 |       0 |   0.0 |      12 |       0 |   0.0
        D:5 |     119 |       0 |   0.0 |       7 |       0 |   0.0
            +---------+---------+-------+---------+---------+-------

Illustrated notes

Table legend:
 A = Kills in this place as a percentage of kills in entire the game.
 B = Kills by you in this place as a percentage of kills by you in the entire game.
 C = Kills by friends in this place as a percentage of kills by friends in the entire game.
 D = Other kills in this place as a percentage of other kills in the entire game.
 E = Experience gained in this place as a percentage of experience gained in the entire game.
 F = Experience gained in this place divided by the number of levels of this place that you have seen.
                   A       B       C       D       E      F
               +-------+-------+-------+-------+-------+----------------------
         Total | 100.0 | 100.0 |   N/A |   N/A | 100.0 |  97.2
       Dungeon | 100.0 | 100.0 |   N/A |   N/A | 100.0 |  97.2
               +-------+-------+-------+-------+-------+----------------------

Table legend: (Time is in decaauts)
 A = Elapsed time spent in this place.
 B = Non-inter-level travel time spent in this place.
 C = Inter-level travel time spent in this place.
 D = Time resting spent in this place.
 E = Time spent auto-exploring this place.
 F = Levels seen in this place.
 G = Mean time per level.
                   A        B        C        D        E       F      G
               +--------+--------+--------+--------+--------+-----+--------+
         Total |   4295 |   3928 |    367 |    399 |   2999 |   5 |  859.0 |
       Dungeon |   4295 |   3928 |    367 |    399 |   2999 |   5 |  859.0 |
               +--------+--------+--------+--------+--------+-----+--------+

Top non-repeatable levels by time:
     D:2: 1450 daAuts
     D:4: 844 daAuts
     D:3: 827 daAuts
     D:1: 742 daAuts
     D:5: 431 daAuts
